 Dungeon Crawl Stone Soup version 0.32-a0-20-ge526923d97 (webtiles) character file.

Game seed: 2993566604012231146

1875 Curundu the Cleaver (level 9, -3/51 HPs)
             Began as a Gargoyle Berserker on Jan 17, 2024.
             Was a Priest of Trog.
             Killed from afar by a raiju (7 damage)
             ... with a living lightning
             ... on level 1 of the Abyss.
             The game lasted 00:18:39 (5293 turns).

Curundu the Cleaver (Gargoyle Berserker)            Turns: 5293, Time: 00:18:39

Health: -3/51      AC: 15    Str: 31    XL:     9   Next: 14%
Magic:  9/9        EV: 14    Int:  8    God:    Trog [***...]
Gold:   278        SH: 11    Dex:  9    Spells: 8/8 levels left

rFire   . . .        s - +4 trident
rCold   . . .        g - +0 kite shield
rNeg    + . .        r - +0 scale mail
rPois   ∞            t - +0 helmet
rElec   +            k - +0 cloak
rCorr   .            (no gloves)
SInv    .            (no boots)
Will    .....        h - amulet of reflection Stlth
                     p - +5 ring of evasion
HPRegen 0.28/turn    u - +6 ring of strength
MPRegen 0.11/turn

%: reflection
@: on berserk cooldown
A: sickness immunity, AC +6, negative energy resistance 1, electricity
resistance, torment resistance 1, petrification resistance
a: Renounce Religion, Berserk, Trog's Hand


You were on level 1 of the Abyss.
You worshipped Trog.
Trog was most pleased with you.
You visited 1 branch of the dungeon, and saw 6 of its levels.
You visited the Abyss 1 time.

You collected 278 gold pieces.

Inventory:

Hand Weapons
 e - a +0 war axe
 s - a +4 trident (weapon)
Missiles
 f - a boomerang (quivered)
 i - a javelin
Armour
 g - a +0 kite shield (worn)
 k - a +0 cloak (worn)
 r - a +0 scale mail (worn)
 t - a +0 helmet (worn)
Jewellery
 h - an amulet of reflection (around neck)
 p - a +5 ring of evasion (left hand)
 u - a +6 ring of strength (right hand)
Wands
 b - a wand of polymorph (9)
 m - a wand of light (13)
Scrolls
 v - a scroll of identify
Potions
 a - a potion of curing
 c - 2 potions of magic {unknown}
 d - a potion of cancellation {unknown}
 j - 2 potions of heal wounds {unknown}
 l - a potion of degeneration {unknown}
 n - 2 potions of haste {unknown}
 o - a potion of lignification {unknown}
 q - a potion of berserk rage {unknown}


   Skills:
 - Level 3.2 Fighting
 + Level 11.0 Axes
 - Level 2.1 Armour
 - Level 1.5 Dodging


You had 8 spell levels left.
You didn't know any spells.
Your spell library was empty.

Dungeon Overview and Level Annotations

Branches:
Dungeon (6/15)             Temple (0/1) D:4

Altars:
Ashenzari
Gozag
Xom
Zin

Shops:
D:4 :*   D:6 (


Innate Abilities, Weirdness & Mutations

You are immune to sickness and miasma.
Your stone body is resilient. (AC +6)
You are immune to poison.
You resist negative energy. (rN+)
You are resistant to electric shocks. (rElec)
You are resistant to unholy torment.
You are immune to petrification.


Message History

The living lightning hits you. You resist.
The living lightning misses the raiju.
The raiju blinks!
You block the raiju's attack.
A raiju comes into view.
The raiju bites you but does no damage.
You barely miss the raiju. The raiju bites you! The raiju shocks you.
You resist.
The raiju bursts into living lightning!
The living lightning misses the raiju.
The living lightning hits you but does no damage.
You resist.
The raiju blinks!
The raiju closely misses you. The raiju bites you but does no damage.
The raiju bursts into living lightning!
The living lightning hits you. You resist.
* * * LOW HITPOINT WARNING * * *
The living lightning hits the raiju.
The raiju completely resists.
The raiju blinks!
You barely miss the raiju.
You feel yourself speed up.
The raiju bursts into living lightning!
The living lightning hits the raiju.
The raiju completely resists.
The living lightning hits you. You resist.
* * * LOW HITPOINT WARNING * * *
The raiju blinks!
You block the raiju's attack. The raiju bites you but does no damage.
The raiju bursts into living lightning!
The living lightning hits you. You resist.
* * * LOW HITPOINT WARNING * * *
The living lightning hits the raiju.
The raiju completely resists.
The raiju blinks!
You closely miss the raiju. The raiju bites you.
* * * LOW HITPOINT WARNING * * *
The raiju shocks you. You resist.
* * * LOW HITPOINT WARNING * * *
You puncture the raiju!
The raiju is moderately wounded.
You hit the raiju but do no damage. The raiju misses you.
The raiju bursts into living lightning!
The living lightning hits you! You resist.
You die...

## #.# ..####
##....# #
##.....##.#.
#.#.hh#....
#..#.#.#.⌠#
#.#.#h@h# #
##......#
#..#.''##.#
#..........#
#####........
..#
...#...... .
....#..#.#
..... ....#


You could see 4 raiju.

Vanquished Creatures
  The ghost of DeathSocks the Chopper, a novice DsGl of Gozag (D:6)
  A kobold demonologist (D:6)
  Grinder (D:6)
  An ogre (D:5)
  3 kobold brigands (D:6)
  3 scorpions (D:5)
  3 wights (D:6)
  A bombardier beetle (D:3)
  3 hounds
  An orc priest (D:5)
  Crazy Yiuf (D:2)
  4 gnolls (D:3)
  8 adders
  A white imp (D:6)
  2 ufetubi (D:5)
  A dart slug (D:3)
  13 orcs
  5 ball pythons
  10 endoplasms
  3 giant cockroaches
  8 goblins
  4 hobgoblins
  8 jackals
  6 kobolds
  3 quokkas
  4 bats
  7 frilled lizards
  8 rats
114 creatures vanquished.

Notes
Turn   | Place    | Note
-------+----------+-------------------------------------------
     0 | D:1      | Curundu the Gargoyle Berserker began the quest for the Orb.
     0 | D:1      | Reached XP level 1. HP: 14/14 MP: 1/1
    60 | D:1      | Reached skill level 3 in Axes
   110 | D:1      | Reached XP level 2. HP: 19/19 MP: 2/2
   605 | D:1      | Reached XP level 3. HP: 23/23 MP: 3/3
   931 | D:1      | Reached ** piety under Trog
  1068 | D:2      | Reached skill level 4 in Axes
  1265 | D:2      | Reached XP level 4. HP: 27/28 MP: 4/4
  1304 | D:2      | Found a shimmering altar of Xom.
  1580 | D:2      | Found a runed translucent door.
  1581 | D:2      | Noticed Crazy Yiuf
  1591 | D:2      | Killed Crazy Yiuf
  1925 | D:3      | Reached skill level 5 in Axes
  1925 | D:3      | Reached XP level 5. HP: 11/32 MP: 5/5
  2147 | D:3      | Found a broken altar of Ashenzari.
  2431 | D:3      | Found a glowing silver altar of Zin.
  2521 | D:3      | Found a faded altar of an unknown god.
  3101 | D:3      | Found a shimmering altar of Xom.
  3306 | D:4      | Found Koagoth's Book Emporium.
  3312 | D:4      | Reached XP level 6. HP: 37/37 MP: 6/6
  3319 | D:4      | Reached skill level 6 in Axes
  3352 | D:4      | Identified the +1 leather armour of the Big Bang {rF+
                  | Will+}
  3472 | D:4      | Found Gozag's Platinum Reserve.
  3499 | D:4      | Found an opulent altar of Gozag.
  3694 | D:4      | Found a staircase to the Ecumenical Temple.
  3829 | D:5      | Entered Level 5 of the Dungeon
  3872 | D:5      | Reached *** piety under Trog
  4231 | D:5      | Identified the +2 robe of Minor Irritation {Will+++ MP+9}
  4317 | D:5      | Reached skill level 7 in Axes
  4317 | D:5      | Reached XP level 7. HP: 41/41 MP: 7/7
  4906 | D:6      | Found Cyqiulis's Weapon Shop.
  4922 | D:6      | Noticed Grinder
  4926 | D:6      | Paralysed by Grinder for 5 turns
  4935 | D:6      | Paralysed by Grinder for 5 turns
  4947 | D:6      | Paralysed by Grinder for 4 turns
  4953 | D:6      | Killed Grinder
  4954 | D:6      | Reached skill level 8 in Axes
  4954 | D:6      | Reached XP level 8. HP: 35/46 MP: 8/8
  5006 | D:6      | Reached skill level 9 in Axes
  5143 | D:6      | Found a runed translucent gate.
  5143 | D:6      | Found a runed translucent gate.
  5146 | D:6      | Found a runed translucent gate.
  5146 | D:6      | Noticed DeathSocks's ghost (novice DsGl)
  5146 | D:6      | Noticed a kobold demonologist
  5250 | D:6      | Killed DeathSocks's ghost
  5251 | D:6      | Reached skill level 10 in Axes
  5255 | D:6      | Killed a kobold demonologist
  5256 | D:6      | Reached XP level 9. HP: 14/51 MP: 9/9
  5265 | D:6      | Reached skill level 11 in Axes
  5267 | Abyss:1  | Cast into level 1 of the Abyss (kobold brigand)
  5293 | Abyss:1  | Killed from afar by a raiju

Illustrated notes

Levels and vault maps discovered:
D:1:      ncdulo_halloftheorcs, layout_basic
D:2:      layout_loops_ring, basic_altar, uniq_crazy_yiuf_cottage
D:3:      layout_loops_corners, overflow_temple_1_default,
          mainiacjoe_overflow_brackets, lemuel_doored_altar, serial_forest,
          infiniplex_forest_clump_double, infiniplex_forest_clump_small,
          infiniplex_forest_clump_curved, infiniplex_forest_diagonal,
          infiniplex_forest_corner_1, infiniplex_forest_straight_4,
          shapermc_ecumenical_altar_ellora
D:4:      layout_rooms, nicolae_gozag_zags_fifth_avenue, temple_green,
          serial_shops, shop_fountains
D:5:      layout_loops_ring
D:6:      layout_rooms, serial_shops, shop, gammafunk_ghost_nasty_kobolds,
          uniq_edmund, uniq_grinder
Abyss:1:  base: D:2, kilobyte_mutagenic_chamber

Skill      XL: |  1  2  3  4  5  6  7  8  9 |
---------------+----------------------------+-----
Axes           | 3 4 5 7 8 10 11 | 11.0
Fighting       | |  3.2
Armour         | |  2.1
Dodging        | |  1.5

Action                     |  1- 3 |  4- 6 |  7- 9 || total
---------------------------+-------+-------+-------++-------
  Melee: Hand axe          |    20 |       |       ||    20
         War axe           |    96 |   199 |    64 ||   359
         Punch             |     1 |       |       ||     1
         Quarterstaff      |       |     7 |       ||     7
         Trident           |       |       |    48 ||    48
  Throw: Javelin           |     7 |    22 |       ||    29
         Boomerang         |       |       |     1 ||     1
 Invoke: Berserk           |       |     2 |     1 ||     3
         Trog's Hand       |       |     1 |       ||     1
    Use: Scroll            |     1 |     3 |     1 ||     5
         Potion            |       |       |     1 ||     1
 Armour: Animal skin       |    72 |     2 |       ||    74
         Ring mail         |       |    76 |       ||    76
         Scale mail        |       |     6 |    63 ||    69
  Dodge: Dodged            |    89 |    81 |    52 ||   222
  Block: Other             |       |     1 |       ||     1
         Kite shield       |       |   115 |    55 ||   170
         Reflection        |       |     4 |     2 ||     6

Table legend: (Time is in decaauts)
 A = Elapsed time spent in this place.
 B = Non-inter-level travel time spent in this place.
 C = Inter-level travel time spent in this place.
 D = Time resting spent in this place.
 E = Time spent auto-exploring this place.
 F = Levels seen in this place.
 G = Mean time per level.
                   A        B        C        D        E       F      G
               +--------+--------+--------+--------+--------+-----+--------+
         Total |   5451 |   5451 |      0 |    298 |   3605 |   7 |  778.7 |
       Dungeon |   5413 |   5413 |      0 |    271 |   3605 |   6 |  902.2 |
         Abyss |     38 |     38 |      0 |     27 |      0 |   1 |   38.0 |
               +--------+--------+--------+--------+--------+-----+--------+

Top non-repeatable levels by time:
     D:3: 1511 daAuts
     D:1: 1070 daAuts
     D:5: 993 daAuts
     D:2: 820 daAuts
     D:4: 541 daAuts
     D:6: 476 daAuts
 Abyss:1: 38 daAuts
